 Dungeon Crawl Stone Soup version 0.26-a0-651-gb41185065b (webtiles) character file.

Game seed: 10597022040205301573

48 Flugslaktarn the Shield-Bearer (level 3, -4/34 HPs)
             Began as a Deep Dwarf Fighter on Oct 5, 2020.
             Killed by nerve-wracking pain
             ... invoked by Jessica
              (10 damage)
             ... on level 3 of the Dungeon.
             The game lasted 00:00:30 (567 turns).

Flugslaktarn the Shield-Bearer (Deep Dwarf Fighter)  Turns: 567, Time: 00:00:31

Health: -4/34      AC:  6    Str: 20    XL:     3   Next: 50%
Magic:  3/3        EV:  7    Int:  8    God:
Gold:   67         SH:  9    Dex: 12    Spells: 2/2 levels left

rFire    . . .     SeeInvis .   a - +0 war axe
rCold    . . .     Faith    .   c - +0 kite shield
rNeg     . . .     Spirit   .   b - +0 scale mail
rPois    .         Reflect  .   (no helmet)
rElec    .         Harm     .   (no cloak)
rCorr    .         Rampage  .   (no gloves)
MR       .....                  (no boots)
Stlth    ..........             (no amulet)
HPRegen  0.00/turn              (no ring)
MPRegen  0.08/turn              (no ring)

@: non-regenerating
A: damage resistance, heal wounds, sense surroundings 1, no regeneration
a: Heal Wounds


You were on level 3 of the Dungeon.
You visited 1 branch of the dungeon, and saw 3 of its levels.

You collected 67 gold pieces.

Inventory:

Hand Weapons
 a - a +0 war axe (weapon)
Armour
 b - a +0 scale mail (worn)
 c - a +0 kite shield (worn)
Jewellery
 l - an uncursed ring of magical power {unknown}
   (You found it on level 3 of the Dungeon)
Scrolls
 e - a scroll of magic mapping {unknown}
 f - a scroll of identify {unknown}
 g - a scroll of remove curse {unknown}
 i - a scroll of teleportation {unknown}
 j - a scroll of amnesia {unknown}
Potions
 d - a potion of might
 h - a potion of curing {unknown}
 k - a potion of resistance {unknown}


   Skills:
 * Level 3.3 Fighting
 * Level 3.0 Axes
 + Level 3.5 Armour
 + Level 3.6 Shields


You had 2 spell levels left.
You didn't know any spells.
Your spell library was empty.

Dungeon Overview and Level Annotations

Branches:
Dungeon (3/15)

Altars:
Ashenzari
Yredelemnul

Annotations:
D:3 Jessica


Innate Abilities, Weirdness & Mutations

You are resistant to damage.
You can heal yourself by infusing magical energy.
You passively map a small area around you.
You do not regenerate.


Message History

Jessica is nearby!
You barely miss Jessica. Jessica hits you with a cursed +0 club.
You hit Jessica but do no damage. Jessica hits you with a cursed +0 club.
Jessica casts a spell at you. Pain shoots through your body!
* * * LOW HITPOINT WARNING * * *
You are too injured to fight recklessly!
You are too injured to fight recklessly!
You are too injured to fight recklessly!
You are too injured to fight recklessly!
You are too injured to fight recklessly!
You are too injured to fight recklessly!
You hit Jessica but do no damage. Jessica barely misses you.
You fail to use your ability.
Jessica hits you but does no damage.
You barely miss Jessica. You block Jessica's attack.
You are too injured to fight recklessly!
You closely miss Jessica. You block Jessica's attack.
Jessica casts a spell at you. Pain shoots through your body!
You die...

* , #####* * * , ... ,
, , #., #.# * **
#...###.###############
#....†@.........[......
#######@###############
**#.# #.....† *, #.#* *
#.##### , , ... #.#....
, ... , #.#.### , .....
#.#.# * ..... * #...###
* ####......


You could see Jessica.

Vanquished Creatures
  2 adders
  A leopard gecko (D:1)
  2 orcs (D:3)
  2 ball pythons (D:3)
  A giant cockroach (D:3)
  A hobgoblin (D:2)
  4 jackals (D:2)
  3 kobolds
  6 bats
  3 frilled lizards
  A goblin (D:2)
  A rat (D:3)
27 creatures vanquished.

Notes
Turn   | Place    | Note
-------+----------+-------------------------------------------
     0 | D:1      | Flugslaktarn the Deep Dwarf Fighter began the quest for the
                  | Orb.
     0 | D:1      | Reached XP level 1. HP: 20/20 MP: 1/1
   141 | D:2      | Found a broken altar of Ashenzari.
   208 | D:2      | Reached XP level 2. HP: 20/27 MP: 2/2
   377 | D:2      | Found a basalt altar of Yredelemnul.
   392 | D:3      | Found a faded altar of an unknown god.
   407 | D:3      | Reached XP level 3. HP: 21/34 MP: 3/3
   551 | D:3      | Noticed Jessica
   567 | D:3      | Killed from afar by Jessica

Illustrated notes

Levels and vault maps discovered:
D:1:      minmay_arrival_glassed_features, layout_basic
D:2:      layout_loops_cross, lemuel_crystal_altar,
          nicolae_ashenzari_panopticon, minmay_worlds_worst_comb
D:3:      layout_basic, chequers_ecumenical_altar_simple,
          hangedman_decor_growths, uniq_jessica

Skill      XL: |  1  2  3 |
---------------+----------+-----
Fighting       | 3 |  3.3
Axes           | 3 |  3.0
Armour         | |  3.5
Shields        | |  3.6

Action                   || total
-------------------------++-------
Melee: War axe           ||   139
 Abil: Heal Wounds       ||     1
Armor: Scale mail        ||    68
Dodge: Dodged            ||    53
Block: Kite shield       ||    80

Table legend: (Time is in decaauts)
 A = Elapsed time spent in this place.
 B = Non-inter-level travel time spent in this place.
 C = Inter-level travel time spent in this place.
 D = Time resting spent in this place.
 E = Time spent auto-exploring this place.
 F = Levels seen in this place.
 G = Mean time per level.
                   A        B        C        D        E       F      G
               +--------+--------+--------+--------+--------+-----+--------+
         Total |    628 |    596 |     32 |      0 |    311 |   3 |  209.3 |
       Dungeon |    628 |    596 |     32 |      0 |    311 |   3 |  209.3 |
               +--------+--------+--------+--------+--------+-----+--------+

Top non-repeatable levels by time:
     D:2: 305 daAuts
     D:3: 193 daAuts
     D:1: 129 daAuts
